AoeStats
← che_wacca

Arena

508845235Analyzed
4v4 RM · 8d ago on Sep 24, 2026· 64m 57s· 8 players
Game mode
Random Map
Map size
Large (8 player)
Population
200
Speed
Normal
Resources
Standard
Victory
Conquest
Starting age
Dark Age
Ending age
Imperial Age
RankedLock teamsTeams togetherTeam positionsShared explorationLock speedFull tech treeHidden civsTurbo modeCheats
Victory
Defeat
🇪🇸 Sicilians · Spain
1239
+14
🇨🇦 Cumans · Canada
1221
+14
🇿🇦 Persians · South Africa
1181
+16
🇪🇸 Khmer · Spain
1068
+21
🇹🇼 Saracens · Taiwan
1199
-17
🇨🇳 Cumans · China
1193
-17
🇹🇼 Danes · Taiwan
1175
-16
🇦🇿 Saxons · Azerbaijan
1159
-15
I have Gun
11:09 Feudal Age
12:29 Horse Collar
12:35 Double-Bit Axe
15:06 Castle Age
16:21 Bow Saw
20:14 Wheelbarrow
20:58 Gold Mining
20:59 Stone Mining
21:48 Hand Cart
22:18 Heavy Plow
26:47 Scale Mail Armor
26:57 Forging
29:34 Imperial Age
27:18 Loom
27:18 Town Watch
28:45 Chain Mail Armor
29:05 Iron Casting
28:22 Fletching
28:32 Padded Archer Armor
28:55 Ballistics
28:45 Fortified Wall
28:48 Masonry
29:27 Arson
29:43 Squires
29:28 Gambesons
29:36 Pikeman
31:25 Plate Mail Armor
31:00 Scale Barding Armor
30:26 Elite Varangian Guard
31:29 Bodkin Arrow
32:56 Conscription
32:27 Crossbowman
33:12 Thumb Ring
33:35 Leather Archer Armor
34:25 Chemistry
33:32 Siege Engineers
34:01 Bracer
33:25 Arbalester
34:05 Shield Wall
35:22 Capped Ram
37:37 Two-Man Saw
37:11 Crop Rotation
36:25 Siege Ram
39:13 Ring Archer Armor
47:32 Halberdier
53:26 Caravan
Byron0330
9:07 Loom
10:53 Feudal Age
12:46 Double-Bit Axe
15:18 Castle Age
13:52 Stone Mining
13:58 Horse Collar
17:55 Bow Saw
17:47 Heavy Plow
20:57 Forging
26:35 Scale Mail Armor
30:30 Wheelbarrow
30:57 Arson
31:13 Squires
31:46 Chain Mail Armor
32:07 Iron Casting
32:18 Hand Cart
36:41 Imperial Age
34:27 Fletching
37:40 Imperial Age
36:20 Masonry
36:07 Murder Holes
36:06 Gold Mining
37:44 Capped Ram
37:47 Northmen's Fury
39:01 Siege Ram
41:40 Elite Varangian Guard
42:59 Plate Mail Armor
43:30 Blast Furnace
42:49 Gambesons
46:18 Gold Shaft Mining
happyeric8877
11:23 Feudal Age
12:09 Double-Bit Axe
14:58 Castle Age
17:06 Bow Saw
18:24 Wheelbarrow
21:11 Loom
23:27 Hand Cart
33:02 Horse Collar
36:43 Heavy Plow
37:23 Stone Mining
37:26 Gold Mining
40:28 Imperial Age
39:51 Forging
39:46 Scale Barding Armor
41:50 Iron Casting
41:37 Chain Barding Armor
40:43 Elite Mameluke
43:12 Conscription
43:33 Bloodlines
44:46 Two-Man Saw
45:35 Gold Shaft Mining
47:51 Plate Barding Armor
50:23 Fletching
50:33 Padded Archer Armor
50:59 Elite Skirmisher
51:44 Thumb Ring
51:38 Bodkin Arrow
52:20 Masonry
52:27 Bracer
53:57 Chemistry
53:18 Ballistics
55:50 Blast Furnace
58:09 Leather Archer Armor
59:47 Murder Holes
乌兰巴托
7:22 Loom
9:35 Feudal Age
12:12 Double-Bit Axe
15:15 Horse Collar
16:44 Man-at-Arms
38:15 Castle Age
43:26 Wheelbarrow
47:10 Fletching
47:20 Padded Archer Armor
51:25 Imperial Age
50:03 Ballistics
49:48 Padded Archer Armor
49:44 Bodkin Arrow
50:32 Thumb Ring
50:50 Leather Archer Armor
50:50 Bloodlines
Mampi Yao
9:57 Feudal Age
11:02 Loom
14:29 Castle Age
12:58 Double-Bit Axe
13:28 Horse Collar
14:09 Gold Mining
17:34 Fletching
18:13 Scale Mail Armor
22:04 Bow Saw
23:07 Heavy Plow
24:18 Chain Mail Armor
26:54 Forging
29:59 Gold Shaft Mining
31:18 Wheelbarrow
33:18 Hand Cart
32:49 Town Watch
35:35 Imperial Age
33:31 Ballistics
33:33 Stone Mining
33:41 Bodkin Arrow
33:54 Husbandry
35:33 Gold Shaft Mining
36:12 Bloodlines
35:56 Cranequins
37:40 Chemistry
37:40 Bracer
37:37 Heavy Mounted Crossbowman
40:56 Padded Archer Armor
43:03 Conscription
45:24 Light Cavalry
49:52 Leather Archer Armor
50:37 Siege Engineers
51:51 Cavalier
57:00 Hauberk
58:33 Scale Barding Armor
60:26 Caravan
DropDongHitBong420
8:36 Loom
11:33 Feudal Age
13:38 Double-Bit Axe
56:40 Castle Age
56:21 Wheelbarrow
57:16 Horse Collar
57:49 Bow Saw
57:57 Heavy Plow
58:29 Hand Cart
66:03 Imperial Age
64:45 Ballistics
64:32 Fletching
64:43 Padded Archer Armor
65:21 Thumb Ring
65:33 Bloodlines
65:27 Bodkin Arrow
sam4liverpool
10:10 Feudal Age
13:34 Castle Age
11:53 Double-Bit Axe
11:52 Horse Collar
19:02 Loom
24:29 Bloodlines
25:45 Scale Barding Armor
28:04 Fletching
28:15 Padded Archer Armor
27:38 Crossbowman
28:24 Thumb Ring
30:05 Wheelbarrow
29:17 Town Watch
29:59 Bow Saw
30:36 Ballistics
30:28 Kamandaran
32:53 Town Patrol
33:02 Bodkin Arrow
35:45 Imperial Age
34:48 Hand Cart
35:22 Leather Archer Armor
37:26 Ring Archer Armor
38:01 Chemistry
38:35 Murder Holes
38:42 Elite War Elephant
43:31 Two-Man Saw
43:02 Gold Mining
43:02 Stone Mining
44:29 Forging
44:40 Chain Barding Armor
51:05 Heavy Plow
52:29 Conscription
54:52 Iron Casting
54:54 Plate Barding Armor
55:42 Crop Rotation
57:25 Gold Shaft Mining
57:26 Stone Shaft Mining
66:33 Blast Furnace
65:34 Scale Mail Armor
che_wacca
10:06 Feudal Age
13:59 Castle Age
13:55 Double-Bit Axe
16:05 Wheelbarrow
21:16 Loom
25:07 Gold Mining
25:07 Stone Mining
28:57 Tusk Swords
28:49 Fletching
29:00 Padded Archer Armor
30:53 Bodkin Arrow
31:13 Leather Archer Armor
35:16 Bow Saw
38:29 Forging
38:24 Scale Barding Armor
40:33 Man-at-Arms
41:51 Iron Casting
41:16 Scale Mail Armor
41:49 Long Swordsman
44:09 Husbandry
47:51 Imperial Age
48:07 Two-Handed Swordsman
48:47 Onager
50:34 Blast Furnace
49:50 Chain Mail Armor
50:16 Conscription
51:03 Gold Shaft Mining
50:19 Stone Mining
54:46 Chemistry
54:06 Ballistics
57:01 Stone Shaft Mining
56:10 Horse Collar
60:57 Chain Mail Armor
60:10 Cavalier
Connection lost

Rejoining the realm…

Still unreachable

The connection could not be restored.

Session expired

The server has moved on; the page needs a fresh start.